 Dungeon Crawl Stone Soup version 0.29-a0-557-g43b9904bd1 (webtiles) character file.

Game seed: 6661452835850614315

86 Hubjo the Insei (level 4, 0/34 HPs)
             Began as a Demonspawn Transmuter on June 8, 2022.
             Was a Follower of Wu Jian.
             Slain by Grinder (5 damage)
             ... while paralysed by Grinder
             ... on level 3 of the Dungeon.
             The game lasted 00:02:47 (3719 turns).

Hubjo the Insei (Demonspawn Transmuter)             Turns: 3719, Time: 00:02:48

Health: 0/34       AC:  2    Str: 10    XL:     4   Next: 27%
Magic:  6/7        EV:  2    Int: 14    God:    Wu Jian [*.....]
Gold:   88         SH:  0    Dex: 16    Spells: 6/7 levels left

rFire   . . .      SeeInvis .     - Unarmed
rCold   . . .      Faith    .   (no shield)
rNeg    . . .      Spirit   .   a - +0 robe
rPois   .          Reflect  .   (helmet currently unavailable)
rElec   .          Harm     .   (no cloak)
rCorr   .          Rampage  .   (no gloves)
Will    .....                   (boots currently unavailable)
Stlth   ++........              (no amulet)
HPRegen 0.11/turn               (no ring)
MPRegen 0.10/turn               (no ring)

@: paralysed, appendages (expiring)
A: horns 2, talons 2, large bone plates 1
a: End Transformation, Renounce Religion


You were on level 3 of the Dungeon.
You worshipped Wu Jian.
Wu Jian was aware of your devotion.
You had temporarily grown beastly horns and talons.
You visited 1 branch of the dungeon, and saw 3 of its levels.

You collected 88 gold pieces.

Inventory:

Armour
 a - a +0 robe (worn)
Scrolls
 c - a scroll of silence
 d - a scroll of immolation {unknown}
 e - 2 scrolls of vulnerability
 h - 3 scrolls of enchant weapon
 i - a scroll of teleportation
 j - a scroll of fog {unknown}
Potions
 b - a potion of lignification
 f - a potion of curing {unknown}
 g - a potion of flight {unknown}


   Skills:
 * Level 2.6 Fighting
 - Level 1.7 Dodging
 + Level 1.2 Stealth
 + Level 3.1 Unarmed Combat
 + Level 2.4 Spellcasting
 + Level 2.2 Transmutations


You had 6 spell levels left.
You knew the following spells:

 Your Spells              Type           Power      Damage    Failure   Level
a - Beastly Appendage     Tmut           14%        N/A       9%          1

Your spell library contained the following spells:

 Spells                   Type           Power      Damage    Failure   Level
 Wereblood                Tmut           7%         N/A       14%         2
 Poisonous Vapours        Pois/Air       2%         N/A       34%         2
 Spider Form              Tmut/Pois      4%         N/A       41%         3
 Ice Form                 Ice/Tmut       4%         N/A       82%         4
 Corpse Rot               Necr/Pois/Air  1%         N/A       92%         4


Dungeon Overview and Level Annotations

Branches:
Dungeon (3/15)

Altars:
Wu Jian

Annotations:
D:3 Grinder


Innate Abilities, Weirdness & Mutations

You have temporarily grown beastly horns and talons.
You are partially covered in large bone plates. (SH +4)


Message History

Grinder is nearby!
Grinder is nearby!
Grinder is nearby!
Grinder is nearby!
Grinder is nearby!
Casting: Beastly Appendage (safe; 9% risk of failure)
Confirm with . or Enter, or press ? or * to list all spells.
You grow a pair of large bovine horns.
Your feet morph into talons.
Grinder says, "I used to sell toenails on the black market."
You hit Grinder. You claw Grinder.
Grinder is heavily wounded.
Grinder hits you.
You writhe in agony.
You are too injured to fight recklessly!
You are too injured to fight recklessly!
You are too injured to fight recklessly!
You are too injured to fight recklessly!
You barely miss Grinder.
Grinder is heavily wounded.
Grinder gestures at you. You resist with significant effort.
You barely miss Grinder. You claw Grinder, but do no damage.
Grinder is heavily wounded.
Grinder hits you.
You writhe in agony.
You hit Grinder. Your kick misses Grinder.
Grinder is heavily wounded.
Grinder gestures at you. You resist with significant effort.
You hit Grinder. You claw Grinder. You headbutt Grinder.
Grinder is severely wounded.
Grinder gestures at you.
You suddenly lose the ability to move!
Grinder hits you.
* * * LOW HITPOINT WARNING * * *
You writhe in agony.
* * * LOW HITPOINT WARNING * * *
Grinder gestures at you.
You shrug off the repeated paralysis!
Your transformation is almost over.
Grinder hits you.
You die...

.. #.###
....#
#.#.#
#.#.#
#.####.#.#
.......#@#
#.5.#
#.### #.
.. ##. #.
#. ..


You could see Grinder.

Vanquished Creatures
  5 adders (D:2)
  A dart slug (D:2)
  An endoplasm (D:1)
  A giant cockroach (D:1)
  3 goblins (D:1)
  5 hobgoblins
  5 jackals (D:2)
  2 kobolds (D:2)
  5 quokkas
  2 bats (D:2)
  5 frilled lizards
  2 rats
37 creatures vanquished.

Notes
Turn   | Place    | Note
-------+----------+-------------------------------------------
     0 | D:1      | Hubjo the Demonspawn Transmuter began the quest for the
                  | Orb.
     0 | D:1      | Reached XP level 1. HP: 15/15 MP: 3/3
   638 | D:1      | Gained mutation: You are partially covered in large bone
                  | plates. (SH +4) [demonic ancestry]
   638 | D:1      | Reached XP level 2. HP: 16/21 MP: 3/5
  1870 | D:2      | Reached XP level 3. HP: 24/27 MP: 4/6
  2055 | D:2      | Reached skill level 3 in Unarmed Combat
  2120 | D:2      | Reached skill level 1 in Stealth
  2126 | D:2      | HP: 1/27 [poisoned by an adder]
  2675 | D:2      | Found a faded altar of an unknown god.
  2719 | D:2      | Reached XP level 4. HP: 31/34 MP: 5/7
  3639 | D:2      | Prayed at the altar of an unknown god.
  3639 | D:2      | Became a worshipper of the Wu Jian Council
  3639 | D:2      | Reached * piety under Wu Jian
  3697 | D:3      | Noticed Grinder
  3716 | D:3      | Paralysed by Grinder for 3 turns
  3719 | D:3      | Slain by Grinder

Illustrated notes

Levels and vault maps discovered:
D:1:      doesnt_arrival_eight_statues, layout_loops_cross
D:2:      kennysheep_big_flooded_room, layout_basic,
          nicolae_ecumenical_oubliette, minmay_cupped
D:3:      layout_loops_cross, uniq_grinder, uniq_terence, uniq_natasha

Skill      XL: |  1  2  3 |
---------------+----------+-----
Transmutations | 2 |  2.2
Fighting       | 2 |  2.6
Unarmed Combat | 3 |  3.1
Stealth        | 1 |  1.2
Dodging        | |  1.7
Spellcasting   | |  2.4

Action                   |  1- 3 |  4- 6 || total
-------------------------+-------+-------++-------
Melee: Unarmed           |    88 |    40 ||   128
       Headbutt          |    12 |     3 ||    15
       Kick              |    15 |     5 ||    20
       Punch             |     1 |     1 ||     2
 Cast: Beastly Appendage |    81 |     5 ||    86
Invok: Lunge             |       |     1 ||     1
  Use: Scroll            |     4 |       ||     4
       Potion            |     3 |     1 ||     4
 Stab: Sleeping          |     1 |       ||     1
Armor: Robe              |     9 |     6 ||    15
Dodge: Dodged            |    60 |    34 ||    94
Block: Other             |    14 |     7 ||    21

Table legend: (Time is in decaauts)
 A = Elapsed time spent in this place.
 B = Non-inter-level travel time spent in this place.
 C = Inter-level travel time spent in this place.
 D = Time resting spent in this place.
 E = Time spent auto-exploring this place.
 F = Levels seen in this place.
 G = Mean time per level.
                   A        B        C        D        E       F      G
               +--------+--------+--------+--------+--------+-----+--------+
         Total |   3731 |   3511 |    220 |      0 |   3140 |   3 | 1243.7 |
       Dungeon |   3731 |   3511 |    220 |      0 |   3140 |   3 | 1243.7 |
               +--------+--------+--------+--------+--------+-----+--------+

Top non-repeatable levels by time:
     D:2: 2057 daAuts
     D:1: 1652 daAuts
     D:3: 21 daAuts
